 Dungeon Crawl Stone Soup version 0.18-a0-1285-g60d00e1 (webtiles) character file.

423 MDvedh the Twirler (level 7, -10/50 HPs)
             Began as a Formicid Gladiator on Feb 8, 2016.
             Mangled by an ogre
             ... wielding a +0 giant club
              (24 damage)
             ... on level 4 of the Dungeon.
             The game lasted 00:08:40 (4241 turns).

MDvedh the Twirler (Formicid Gladiator)             Turns: 4241, Time: 00:08:40

Health: -10/50     AC:  7    Str: 19 (20) XL:     7   Next: 17%
Magic:  7/7        EV: 10    Int:  7      God:
Gold:   63         SH:  0    Dex: 13      Spells: 0 memorised, 6 levels left

rFire  . . .     SeeInvis +     a - +0 quarterstaff
rCold  . . .     Gourm    .     n - +0 scale mail
rNeg   . . .     Faith    .     (no shield)
rPois  .         Spirit   .     (helmet unavailable)
rElec  .         Dismiss  .     (no cloak)
rCorr  .         Reflect  .     (no gloves)
SustAt .         Harm     .     B - +0 pair of boots
MR     +....                    (no amulet)
Stlth  ..........               (no ring)
                                (no ring)

@: somewhat resistant to hostile enchantments, extremely unstealthy
A: permanent stasis, dig shafts and tunnels, four strong arms, antennae 3,
deterioration 1, magic resistance 1
a: Dig, Shaft Self


You were on level 4 of the Dungeon.
You were not hungry.

You visited 1 branch of the dungeon, and saw 5 of its levels.

You collected 182 gold pieces.
You spent 119 gold pieces at shops.

Inventory:

Hand Weapons
 a - a +0 quarterstaff (weapon)
Missiles
 c - 3 throwing nets (quivered)
Armour
 n - a +0 scale mail (worn)
 B - a +0 pair of boots (worn)
Jewellery
 f - an uncursed ring of ice
Scrolls
 b - 2 scrolls of random uselessness {unknown}
 e - 5 scrolls of remove curse
 i - a scroll of enchant armour {unknown}
 l - 2 scrolls of teleportation {unknown}
 m - 8 scrolls of identify
 p - 3 scrolls of immolation {unknown}
 q - 2 scrolls of blinking {unknown}
 v - a scroll of amnesia {unknown}
 w - a scroll of enchant weapon {unknown}
 y - a scroll of fear {unknown}
Potions
 g - 2 potions of might {unknown}
 h - a potion of degeneration {unknown}
 k - 3 potions of curing {unknown}
 o - a potion of resistance {unknown}
 t - 2 potions of haste {unknown}
 x - a potion of ambrosia {unknown}
 A - a potion of brilliance {unknown}
Comestibles
 d - 3 bread rations
 r - 6 fruits
 s - a beef jerky


   Skills:
 - Level 2.1 Fighting
 + Level 7.6 Staves
 - Level 2.0 Throwing
 - Level 2.6 Dodging


You had 6 spell levels left.
You didn't know any spells.

Dungeon Overview and Level Annotations

Branches:
Dungeon (5/15)
 Temple: D:4-7

Altars:
Dithmenos
Elyvilon
Kikubaaqudgha
Makhleb
Sif Muna
Vehumet

Shops:
D:4 ?!!%


Innate Abilities, Weirdness & Mutations

You are under a permanent stasis effect.
You can dig through walls and to a lower floor.
Your four strong arms can wield two-handed weapons with a shield.
You have a pair of large antennae on your head (SInv).
Your body sometimes deteriorates upon taking damage.
You are resistant to hostile enchantments.


Message History

You sock the ogre!
The ogre is moderately wounded.
You barely miss the ogre.
The ogre is moderately wounded.
The ogre hits you with a giant club!
You barely miss the ogre.
The ogre is moderately wounded.
The ogre hits you with a giant club!!
* * * LOW HITPOINT WARNING * * *
You are too injured to fight recklessly!
You are too injured to fight recklessly!
You are too injured to fight recklessly!
You are too injured to fight recklessly!
You are too injured to fight recklessly!
You are too injured to fight recklessly!
You are too injured to fight recklessly!
You hit the ogre.
The ogre is heavily wounded.
The ogre hits you with a giant club!!
You die...

.................................
.....#######.##[############.....
.....# #..#....# *.......#.#.
.....# ##.##...###.###.###.#.
....########...........# #.*#..##
..............##.......#*#,*#....
##...###..###.†.........,,.##..##
###.###.## #...........,........
#.[....# #...@.###...##.......
#..#>.#########O# **...#..#..#.
##.##.# #≈≈≈§≈#.## *#....#..#..
#.##.###≈⌠§⌠§#..####*.........
#.##.#.'÷.∩.≈#.....###........
#.##.#.#§⌠.§§#...#.....#......
#.##...#§§≈§≈#............#...
#..###########................
##.# #...........####....#...


You could see an ogre.

Vanquished Creatures
  A sky beast (D:4)
  An ogre (D:4)
  A hound (D:4)
  An iguana (D:4)
  A centaur skeleton (D:4)
  A worker ant (D:4)
  9 adders
  2 oozes
  2 worms (D:3)
  A giant gecko (D:4)
  2 orcs (D:4)
  A ball python (D:4)
  3 giant cockroaches
  4 goblins
  3 hobgoblins
  3 jackals (D:1)
  2 quokkas
  4 bats
  2 giant newts
  5 kobolds
  8 rats
57 creatures vanquished.

Notes
Turn   | Place    | Note
--------------------------------------------------------------
     0 | D:1      | MDvedh the Formicid Gladiator began the quest for the Orb.
     0 | D:1      | Reached XP level 1. HP: 16/16 MP: 1/1
   274 | D:1      | Reached XP level 2. HP: 22/22 MP: 2/2
   956 | D:1      | Reached skill level 4 in Staves
   956 | D:1      | Reached XP level 3. HP: 27/27 MP: 3/3
  1147 | D:2      | Reached XP level 4. HP: 13/33 MP: 4/4
  1459 | D:2      | Found a radiant altar of Vehumet.
  1459 | D:2      | Found a white marble altar of Elyvilon.
  1619 | D:2      | Reached skill level 5 in Staves
  1966 | D:3      | Found a shadowy altar of Dithmenos.
  2325 | D:3      | Reached XP level 5. HP: 38/38 MP: 5/5
  2522 | D:3      | Found an ancient bone altar of Kikubaaqudgha.
  2526 | D:3      | Found a deep blue altar of Sif Muna.
  2533 | D:3      | Found a burning altar of Makhleb.
  2603 | D:4      | Found Hazutokk's Food Shop.
  2622 | D:4      | Noticed an ogre
  2696 | D:4      | Reached skill level 6 in Staves
  2820 | D:4      | Killed an ogre
  2820 | D:4      | Reached XP level 6. HP: 42/44 MP: 6/6
  2999 | D:4      | Found Omusseuw's Magic Scroll Boutique.
  3018 | D:4      | Bought a scroll of remove curse for 42 gold pieces
  3018 | D:4      | Bought a scroll of identify for 28 gold pieces
  3018 | D:4      | Bought a scroll of magic mapping for 49 gold pieces
  3040 | D:4      | Noticed an ogre
  3302 | D:4      | Found Nieval's Distillery.
  3557 | D:4      | Found Kappij's Distillery.
  3560 | D:4      | Reached skill level 7 in Staves
  3627 | D:5      | Entered Level 5 of the Dungeon
  3627 | D:5      | Noticed a sky beast
  3639 | D:4      | Killed a sky beast
  3639 | D:4      | Reached XP level 7. HP: 15/50 MP: 7/7
  3643 | D:4      | Gained mutation: Your body sometimes deteriorates upon taking damage. [mutagenic meat]
  3644 | D:4      | Gained mutation: You are resistant to hostile enchantments. [mutagenic meat]
  4241 | D:4      | Mangled by an ogre

Vault maps used:
D:1:      dpeg_arrival_connections, hex_tiny
D:2:      gammafunk_temple_overflow_statue, serial_glass, glass_columns_c,
          glass_columns_c, nrook_mini_vaults
D:3:      nicolae_dithmenos_shadow_blocks, minmay_overflow_temple_star_quad
D:4:      serial_shops, nicolae_shop_behind_doors, kennysheep_little_box, shop,
          shop, kennysheep_another_room, minmay_tree_intersection
D:5:      first_bread, yredelemnul_altar_generic, uniq_prince_ribbit1

Action                   |  1- 3 |  4- 6 |  7- 9 || total
-------------------------+-------+-------+-------++-------
Melee: Quarterstaff      |    59 |    97 |    15 ||   171
Evoke: Wand              |       |     3 |       ||     3
  Use: Scroll            |       |     1 |       ||     1
  Eat: Chunk             |     1 |     6 |     2 ||     9
       Meat ration       |       |     1 |       ||     1
